 Dungeon Crawl Stone Soup version 0.24-a0-584-g9d6b971ae4 (webtiles) character file.

Game seed: 3583898071651370650, levelgen mode: deterministic

920976 Enish the Formicid Porcupine (level 27, -12/249 HPs)
             Began as a Formicid Chaos Knight on Aug 29, 2019.
             Was an Initiate of Gozag.
             Mangled by an Executioner (22 damage)
             ... in Pandemonium on Sept 4, 2019.
             The game lasted 08:25:42 (43196 turns).

Enish the Formicid Porcupine (FoCK)                Turns: 43196, Time: 08:25:43

Health: -12/249    AC: 39    Str: 37      XL:     27
Magic:  0/48       EV: 27    Int: 18 (20) God:    Gozag
Gold:   227        SH: 37    Dex: 23      Spells: 49/60 levels left

rFire    + + +     SeeInvis +   H - +8 bardiche (chop)
rCold    + + +     Gourm    .   r - +6 large shield "Jurch" {Str+5}
rNeg     + + .     Faith    .   G - +8 orange crystal plate armour {Archmagi, Int+3 Clar}
rPois    +         Spirit   +   (helmet unavailable)
rElec    +         Reflect  .   T - scarf {Spirit}
rCorr    +         Harm     .   Q - +3 pair of gauntlets of War {Slay+5}
MR       ++...     Clarity  +   S - +2 pair of boots {Fly}
Stlth    ..........             F - macabre finger necklace {rN+}
HPRegen  1.51/turn              O - ring "Regh" {MP+9 Str+6}
MPRegen  0.31/turn              s - ring "Nuvvaal" {rF+ rC++ Dex+3 Stlth+}
                                u - ring of Oggaoll {*Tele rN+ Str+3 Dex+5}

@: agile, resistant, weakened, sap magic, flying, very slightly contaminated,
regenerating, lightly drained, magic sapped, bribing [Pandemonium]
A: permanent stasis, dig shafts and tunnels, four strong arms, antennae 3, beak,
claws 1, large bone plates 1, deformed body, deterioration 1, fire resistance 1,
low mp 1, [screaming 2], shaggy fur 1, weak 1
}: 8/15 runes: decaying, silver, abyssal, glowing, magical, fiery, dark,
gossamer
a: Dig, Shaft Self, Potion Petition, Call Merchant, Bribe Branch, Renounce
Religion


You were in Pandemonium.
You worshipped Gozag.
Gozag was aware of your devotion.
You were very full.

You visited 10 branches of the dungeon, and saw 48 of its levels.
You visited Pandemonium 2 times, and saw 17 of its levels.
You visited the Abyss 1 time.
You visited 1 bazaar.
You visited 1 ziggurat, and saw 8 of its levels.
You also visited: Ice Cave.

You collected 42244 gold pieces.
You spent 8678 gold pieces at shops.
You paid 33339 gold pieces to Gozag.

Inventory:

Hand Weapons
 d - the +3 Elemental Staff {rElec rF++ rC++ MR++ AC+5}
   (You found it on level 4 of the Depths)

   It affects your AC (+5).
   It greatly protects you from fire.
   It greatly protects you from cold.
   It insulates you from electricity.
   It affects your resistance to hostile enchantments.
 H - a +8 bardiche of chopping (weapon)
 R - a +9 vampiric glaive
Missiles
 e - 6 curare-tipped darts (quivered)
 o - 4 throwing nets
Armour
 r - the +6 large shield "Jurch" (worn) {Str+5}
   (You found it on level 2 of the Spider Nest)

   It affects your strength (+5).
 z - a +8 large shield of positive energy
 G - the +8 orange crystal plate armour (worn) {Archmagi, Int+3 Clar}
   (You found it on level 13 of the Dungeon)

   It affects your intelligence (+3).
   It protects you against confusion.
 P - the +6 large shield of the Vaults {-Tele rElec Str+2 Int+4}
   (You took it off a daeva on level 4 of the Abyss)

   It affects your strength (+2).
   It affects your intelligence (+4).
   It insulates you from electricity.
   It prevents most forms of teleportation.
 Q - the +3 pair of gauntlets of War (worn) {Slay+5}
   (You bought it in a shop on level 6 of the Lair of Beasts)

   It affects your accuracy and damage with ranged weapons and melee attacks
   (+5).
 S - a +2 pair of boots of flying (worn)
 T - a scarf of spirit shield (worn)
Jewellery
 l - the ring of Pes Zula {rElec rPois Int+3}
   (You bought it in a shop on level 5 of the Vaults)

   [ring of poison resistance]

   It affects your intelligence (+3).
   It insulates you from electricity.
   It protects you from poison.
 s - the ring "Nuvvaal" (right hand) {rF+ rC++ Dex+3 Stlth+}
   (You found it on level 5 of the Dungeon)

   [ring of protection from fire]

   It affects your dexterity (+3).
   It protects you from fire.
   It greatly protects you from cold.
   It makes you more stealthy.
 u - the ring of Oggaoll (on amulet) {*Tele rN+ Str+3 Dex+5}
   (You found it on level 3 of the Depths)

   [ring of teleportation]

   It may teleport you next to monsters.
   It affects your strength (+3).
   It affects your dexterity (+5).
   It protects you from negative energy.
 x - an uncursed ring of wizardry
 F - the macabre finger necklace (around neck) {rN+}
   (You found it on level 8 of a ziggurat)

   [amulet of nothing]

   It protects you from negative energy.
 J - the ring of Dougas {AC+4 Str+4}
   (You found it in an ice cave)

   [ring of protection]

   It affects your AC (+4).
   It affects your strength (+4).
 L - a +4 ring of evasion
 O - the ring "Regh" (left hand) {MP+9 Str+6}
   (You found it in an ice cave)

   [ring of magical power]

   It affects your strength (+6).
   It affects your magic capacity (+9).
Wands
 w - a wand of scattershot (2)
 A - a wand of acid (63)
 D - a wand of paralysis (48)
Scrolls
 f - 5 scrolls of fear
 g - 4 scrolls of silence
 i - 9 scrolls of amnesia
 n - 3 scrolls of enchant armour
 q - 17 scrolls of remove curse
 y - 2 scrolls of holy word
 B - 7 scrolls of magic mapping
 E - 22 scrolls of identify
 K - 8 scrolls of fog
Potions
 b - a potion of resistance
 h - 3 potions of invisibility
 j - 13 potions of brilliance
 m - 18 potions of curing
 I - 7 potions of ambrosia
 M - 8 potions of agility
 N - 4 potions of might
 X - 3 potions of magic
 Y - a potion of flight
 Z - 2 potions of cancellation
Miscellaneous
 a - a phial of floods
 p - a crystal ball of energy
 t - a lamp of fire
 v - a lightning rod (4/4)
 U - 7 sacks of spiders
 V - 9 phantom mirrors
Comestibles
 c - 58 rations


   Skills:
 O Level 27(26.6) Fighting
 O Level 27(26.6) Polearms
 * Level 23.0(22.7) Armour
 * Level 18.1(17.8) Dodging
 - Level 5.0(4.8) Stealth
 + Level 22.3(22.0) Shields
 - Level 17.0(16.7) Spellcasting
 - Level 15.0(14.7) Charms
 - Level 5.0(4.8) Necromancy
 - Level 5.0(4.8) Air Magic
 - Level 15.0(14.7) Evocations


You had 49 spell levels left.
You knew the following spells:

 Your Spells              Type           Power        Failure   Level  Hunger
a - Song of Slaying       Chrm           #######.     1%          2    None
b - Regeneration          Chrm/Necr      ######....   7%          3    None
c - Deflect Missiles      Chrm/Air       ######....   77%         6    #####..

Your spell library contained the following spells:

 Spells                   Type           Power        Failure   Level  Hunger
 Infusion                 Chrm           ####         1%          1    None
 Shroud of Golubria       Chrm/Tloc      ######       9%          2    None
 Animate Skeleton         Necr           N/A          13%         1    None
 Pain                     Necr           ####         13%         1    None
 Spectral Weapon          Hex/Chrm       ######..     13%         3    None
 Corpse Rot               Necr           N/A          17%         2    None
 Sublimation of Blood     Necr           #####.....   17%         2    None
 Shock                    Conj/Air       ####         24%         1    None
 Vampiric Draining        Necr           #####.....   26%         3    None
 Poisonous Vapours        Pois/Air       #####.       32%         2    None
 Apportation              Tloc           ###...       47%         1    None
 Beastly Appendage        Tmut           ###...       47%         1    None
 Confusing Touch          Hex            ###...       47%         1    None
 Corona                   Hex            ###....      47%         1    None
 Flame Tongue             Conj/Fire      ###..        47%         1    None
 Sandblast                Erth           ###...       47%         1    None
 Sting                    Conj/Pois      ###.         47%         1    None
 Summon Small Mammal      Summ           ###.         47%         1    None
 Iskenderun's Battlesphe  Conj/Chrm      ######..     54%         5    ###....
 Animate Dead             Necr           N/A          56%         4    None
 Ensorcelled Hibernation  Hex/Ice        ###...       58%         2    None
 Slow                     Hex            ###.....     58%         2    None
 Sticks to Snakes         Tmut           ###.....     58%         2    None
 Throw Flame              Conj/Fire      ###...       58%         2    None
 Throw Frost              Conj/Ice       ###...       58%         2    None
 Mephitic Cloud           Conj/Pois/Air  ####....     58%         3    None
 Confuse                  Hex            ###.....     78%         3    None
 Dazzling Spray           Conj/Hex       ###...       78%         3    None
 Gell's Gravitas          Tloc           ###.......   78%         3    None
 Ignite Poison            Fire/Tmut/Pois ###.....     78%         3    None
 Inner Flame              Hex/Fire       ###.....     78%         3    None
 Portal Projectile        Hex/Tloc       ###...       78%         3    None
 Recall                   Summ/Tloc      N/A          78%         3    None
 Spider Form              Tmut/Pois      ###.......   78%         3    None
 Stone Arrow              Conj/Erth      ###...       78%         3    None
 Tukima's Dance           Hex            ###.....     78%         3    None
 Cause Fear               Hex            ###.......   98%         4    None
 Force Lance              Conj/Tloc      ###.....     98%         4    None
 Ice Form                 Ice/Tmut       ###.....     98%         4    None
 Iskenderun's Mystic Bla  Conj           ###.....     98%         4    None
 Leda's Liquefaction      Hex/Erth       ###.......   98%         4    None
 Olgreb's Toxic Radiance  Pois           ###.....     98%         4    None
 Petrify                  Tmut/Erth      ###.....     98%         4    None
 Sticky Flame             Conj/Fire      ###.....     98%         4    None
 Throw Icicle             Conj/Ice       ###.....     98%         4    None
 Lightning Bolt           Conj/Air       #####.....   98%         5    ###....
 Silence                  Hex/Air        #####.....   98%         5    ###....
 Alistair's Intoxication  Tmut/Pois      ###.....     100%        5    ###....
 Aura of Abjuration       Summ           ###.......   100%        5    ###....
 Blade Hands              Tmut           ###.......   100%        5    ###....
 Bolt of Magma            Conj/Fire/Erth ###.......   100%        5    ###....
 Irradiate                Conj/Tmut      ###.......   100%        5    ###....
 Lee's Rapid Deconstruct  Erth           ###.......   100%        5    ###....
 Metabolic Englaciation   Hex/Ice        ###.......   100%        5    ###....
 Summon Demon             Summ           ###.......   100%        5    ###....
 Summon Forest            Summ/Tloc      ###.......   100%        5    ###....
 Summon Mana Viper        Hex/Summ       ###.....     100%        5    ###....
 Venom Bolt               Conj/Pois      ###.......   100%        5    ###....
 Yara's Violent Unravell  Hex/Tmut       ###.......   100%        5    ###....
 Bolt of Cold             Conj/Ice       ###.......   100%        6    #####..
 Dispersal                Tloc           ###.......   100%        6    #####..
 Hydra Form               Tmut           ###.......   100%        6    #####..
 Iron Shot                Conj/Erth      ###.......   100%        6    #####..
 Shadow Creatures         Summ           N/A          100%        6    #####..
 Statue Form              Tmut/Erth      ###......    100%        6    #####..
 Dragon Form              Tmut           ###.......   100%        7    ######.
 Orb of Destruction       Conj           ###.......   100%        7    ######.
 Spellforged Servitor     Conj/Summ      ###.......   100%        7    ######.
 Summon Hydra             Summ           ###.......   100%        7    ######.
 Discord                  Hex            ###.......   100%        8    #######
 Disjunction              Tloc           ###.......   100%        8    #######
 Shatter                  Erth           ###.......   100%        9    #######
 Tornado                  Air            #####.....   100%        9    #######
 Controlled Blink         Tloc           Unusable     N/A         8    N/A

Dungeon Overview and Level Annotations

Branches:
Dungeon (15/15)            Temple (1/1) D:7            Lair (6/6) D:9
  Swamp (4/4) Lair:2       Spider (4/4) Lair:2        Slime (0/5) Lair:5
    Orc (2/2) D:10            Elf (1/3) Orc:2        Vaults (5/5) D:13
  Crypt (0/3) Vaults:3     Depths (5/5) D:15            Zot (5/5) Depths:5
  IceCv (visited)

Altars:
Dithmenos
Gozag
Hepliaklqana
Kikubaaqudgha
Ru
Sif Muna
Trog
Uskayaw
Vehumet
Xom
Yredelemnul
Zin
The Shining One
Beogh

Shops:
D:4 (   D:9 [   D:12 (   Orc:1 *   Orc:2 }*(*   Lair:2 [   Lair:6 [   Swamp:1 *
Spider:1 (   Vaults:1 *?[   Vaults:2 [   Vaults:4 %   Vaults:5 !%%%=}   Zot:2 [
Depths:3 *   Depths:4 [

Portals:
Hell: Depths:2 Depths:3 Depths:4 Depths:5
Abyss: Depths:2 Depths:3 Depths:4
Pandemonium: Depths:3 Depths:5
Trove: D:11 (give 18 potions of curing)

Annotations:
D:5 exclusion: downstairs
D:8 Grum
D:9 Erica
Depths:4 exclusion: downstairs


Innate Abilities, Weirdness & Mutations

You cannot be hasted, slowed, berserked, paralysed or teleported.
You can dig through walls and to a lower floor.
Your four strong arms can wield two-handed weapons with a shield.
You have a pair of large antennae on your head. (SInv)
You have a beak for a mouth.
You have sharp fingernails.
You are partially covered in large bone plates. (SH +4)
Armour fits poorly on your strangely shaped body.
Your body sometimes deteriorates upon taking damage.
Your flesh is heat resistant. (rF+)
Your magical capacity is low. (-10% MP)
You are covered in fur. (AC +1)
You are weak. (Str -2)
[You sometimes yell uncontrollably at your foes.]


Message History

You feel better. You block the Executioner's attack. x2
The Executioner misses you. The Executioner hits you!
* * * LOW HITPOINT WARNING * * *
You feel your power leaking away. The Executioner misses you.
You block the Executioner's attack.
The infernal black sun hits your shadow demon with a +0 dire flail.
Your shadow demon is engulfed in flames!!
The cacodemon barely misses your infernal blood saint.
The cacodemon hits your infernal blood saint!
Your infernal blood saint is drained!
The Tzitzimitl gestures at you.
The bolt of negative energy hits your torturous warmonger.
Your torturous warmonger completely resists.
The bolt of negative energy hits you. You partially resist.
You feel drained.
* * * LOW HITPOINT WARNING * * *
The bolt of negative energy hits your hellwing.
Your hellwing completely resists.
The Executioner hits you!!
You die...
Your body crumbles into a pile of gold.

..)..#........######...?.####....
...................###...........
....#.....#.......## ############
....##..###.......# ....###.#
#.......##############
..∩.#######.......###........###
.....#.###...##########.....####
........##...#.4466####..#######
..#........###.3@21616.#..######
.###.........#.6166622.....#####
##...........#.1261622.....2#..#
[...........©#©.2.26255..2#6.∩.#
.............#....452#.5#.#62..#
.............#.......265...2..##
.............#.....#..35#.#..###
.............#.......#5..#..####
#............##########5....####


You could see 2 Tzitzimimeh, a Brimstone Fiend, an Ice Fiend, 3 cacodemons, 2
demonspawn, a lorocyproca (invisible), a green death, 2 demonspawn, 2
demonspawn, an Executioner, a blizzard demon, a torturous blood saint, a shadow
demon, an infernal demonspawn (berserk), 3 tormentors, a ynoxinul, a chaos
spawn, 7 ufetubi, a friendly monstrous demonspawn, a friendly torturous
warmonger, a friendly monstrous corrupter, a friendly infernal blood saint, a
friendly shadow demon, 2 friendly hellwings and a friendly smoke demon.

Vanquished Creatures
  Cerebov (Pan)
  Gloorx Vloq (Pan)
  Mnoleg (Pan)
  Lom Lobon (Pan)
  4 orbs of fire
  9 ancient liches
  A juggernaut (Depths:4)
  Mara (Vaults:3)
  Sojobo (Depths:4)
  8 Killer Klowns
  Bai Suzhen (Spider:4)
  The ghost of Gastoe the Scorcher, a veteran GrEE of Vehumet (Vaults:1)
  A curse toe (Zot:5)
  14 golden dragons
  3 caustic shrikes
  10 pandemonium lords
  2 bone dragons
  A profane servitor (Abyss:4)
  Nikola (Spider:4)
  2 pearl dragons (Zig:8)
  Arachne (Spider:2)
  4 electric golems
  Jorgrun (Swamp:2)
  5 Brimstone Fiends (Pan)
  A hellephant (Pan)
  6 Tzitzimimeh (Pan)
  20 tentacled monstrosities
  8 liches
  4 Hell Sentinels (Pan)
  23 Orb Guardians (Zot:5)
  The ghost of iVAG the Ruinous, an adept DrCj of Vehumet (Vaults:1)
  9 Ice Fiends (Pan)
  9 quicksilver dragons
  7 titans
  10 death cobs
  9 tentacled starspawn
  21 Executioners
  7 sphinxes
  8 shadow dragons
  4 thorn hunters
  19 storm dragons
  Kirke (Lair:5)
  Donald (Swamp:1)
  7 tengu reavers
  2 revenants
  5 draconian monks
  16 fire giants
  3 daevas
  7 blood saints (Pan)
  7 draconian knights
  Louise (Depths:2)
  18 balrugs
  6 iron dragons
  16 vault wardens
  8 frost giants
  7 emperor scorpions
  The ghost of Vuxzinot the Severer, a journeyman DsFi of Gozag (Swamp:1)
  An orc warlord (Zig:4)
  14 draconian scorchers
  7 ghost moths
  15 cacodemons
  Aizul (Spider:2)
  2 angels (Zig:8)
  8 warmongers (Pan)
  17 draconian stormcallers
  9 draconian shifters
  12 reapers (Pan)
  A deep elf elementalist (Vaults:5)
  2 curse skulls (Pan)
  2 spriggan defenders
  A ghoul (Vaults:2)
  6 draconian annihilators
  An ophan (Zig:8)
  14 ironheart preservers
  24 very ugly things
  17 stone giants
  2 war gargoyles (Vaults:5)
  10 entropy weavers
  5 corrupters (Pan)
  17 lorocyprocas
  2 bennus (Zig:7)
  2 vampire knights
  2 apis (Zig:8)
  10 black draconians
  7 black suns (Pan)
  15 red draconians
  6 spark wasps
  10 white draconians
  5 purple draconians
  6 yellow draconians
  7 deep elf annihilators
  10 green draconians
  2 deep elf death magi
  An ettin (shapeshifter) (Depths:4)
  2 merfolk javelineers
  23 green deaths
  A crystal guardian (Vaults:4)
  An eidolon (Zig:5)
  A mummy priest (Zig:7)
  13 fire dragons
  16 blizzard demons (Pan)
  17 ettins
  3 deep elf high priests
  A quicksilver dragon zombie (Abyss:1)
  Erolcha (Orc:1)
  A merfolk impaler (Depths:4)
  3 great orbs of eyes
  20 hydras
  26 yaktaur captains
  15 rakshasas
  Harold (Abyss:1)
  37 vault guards
  A naga warrior (Abyss:4)
  A ghost crab (Swamp:4)
  5 spriggan air magi
  A shambling mangrove (Swamp:4)
  11 ice dragons
  5 monstrous demonspawn (Pan)
  15 centaur warriors
  A hell beast (Pan)
  A two-headed ogre (shapeshifter) (Zig:2)
  2 death knights
  18 two-headed ogres
  10 alligators
  11 ogre magi
  11 deep troll shamans
  A satyr (Abyss:4)
  A death scarab (Zig:7)
  6 tengu warriors
  A vampire mage (Zig:5)
  8 deep troll earth magi
  8 spriggan berserkers
  4 hell hogs (Abyss:4)
  12 soul eaters
  3 spriggans
  28 thrashing horrors
  Sonja (Lair:2)
  6 iron trolls
  6 hell knights
  A fire crab (shapeshifter) (Vaults:1)
  A titan skeleton (Pan)
  3 deep elf knights
  44 sun demons
  16 wretched stars
  24 sixfirhies
  3 skeletal warriors (Vaults:2)
  9 shadow wraiths
  An anaconda zombie (Abyss:4)
  68 large abominations
  9 shadow demons (Pan)
  A death drake (shapeshifter) (Depths:4)
  A flayed ghost (Zig:5)
  10 spatial maelstroms
  8 unseen horrors
  27 deep trolls
  12 wizards
  13 swamp dragons
  A sea snake (shapeshifter) (Abyss:4)
  5 gelid demonspawn (Pan)
  A lindwurm (shapeshifter) (D:15)
  8 infernal demonspawn (Pan)
  11 torturous demonspawn (Pan)
  6 deep elf archers
  8 glowing orange brains
  14 orc knights
  2 obsidian statues (Zig:7)
  4 phantasmal warriors
  A spriggan druid (Swamp:2)
  15 ironbrand convokers
  A sphinx zombie (Depths:3)
  6 necromancers
  16 orb spiders
  An anaconda skeleton (Pan)
  A mana viper (Abyss:4)
  A lindwurm (Lair:6)
  51 ugly things
  14 deep elf magi
  5 harpies (Vaults:3)
  A wolf spider zombie (D:15)
  2 tengu skeletons
  4 orc sorcerers
  A manticore (shapeshifter) (Vaults:3)
  A mana viper (shapeshifter) (Depths:2)
  A wolf spider (shapeshifter) (Vaults:5)
  An orb spider (shapeshifter) (Depths:1)
  2 manticores
  27 wolf spiders
  6 cyclopes
  31 moths of wrath
  A stone giant skeleton (Pan)
  2 guardian serpents
  7 black mambas
  A fire giant zombie (Depths:3)
  Maurice (D:12)
  3 elephants (Lair:4)
  5 worldbinders (Abyss:4)
  A human skeleton (Vaults:3)
  4 ice statues
  A black mamba (shapeshifter) (Depths:4)
  19 orange demons
  An eye of devastation (shapeshifter) (Abyss:4)
  2 rust devils (Pan)
  52 smoke demons
  13 vault sentinels
  An elf skeleton (Depths:3)
  A fire giant skeleton (Pan)
  A frost giant skeleton (Zig:7)
  7 apocalypse crabs
  2 dire elephant skeletons (Pan)
  3 molten gargoyles (Lair:6)
  6 hellions (Pan)
  4 torpor snails
  A gargoyle (D:14)
  10 spiny frogs
  9 centaur skeletons
  3 rime drakes
  7 komodo dragons
  3 freezing wraiths
  6 efreet
  25 demonic crawlers
  8 tormentors
  4 ice devils
  36 yaktaurs
  5 guardian mummies (Zig:7)
  36 hellwings
  3 queen bees
  4 tengu conjurers
  10 ancient zymes (Abyss:4)
  A silent spectre (Abyss:4)
  3 trolls
  A merfolk (shapeshifter) (Depths:2)
  24 red devils (Pan)
  A queen bee (shapeshifter) (Vaults:4)
  9 tyrant leeches
  3 meliai (D:15)
  A jumping spider (shapeshifter) (Vaults:1)
  2 polar bears (Lair:5)
  55 raiju
  5 blink frogs (Lair:6)
  34 jumping spiders
  A blink frog (shapeshifter) (Swamp:2)
  A shadow dragon simulacrum (Vaults:3)
  13 hornets
  A slime creature (shapeshifter) (Depths:2)
  A snapping turtle (shapeshifter) (Depths:3)
  10 bog bodies
  A human simulacrum (Vaults:2)
  37 slime creatures
  2 dream sheep (shapeshifter)
  13 hippogriffs
  A stone giant simulacrum (Abyss:4)
  7 dream sheep
  A hippogriff (shapeshifter) (Vaults:3)
  2 vampires (Abyss:4)
  An ice dragon skeleton (Pan)
  3 flying skulls (Abyss:4)
  73 redbacks
  A tarantella (shapeshifter) (Depths:4)
  6 wyverns
  2 ushabtiu (Zig:7)
  4 water elementals (Depths:4)
  5 wraiths
  30 ynoxinuls
  3 shadows
  A redback (shapeshifter) (Vaults:5)
  64 yaks
  6 humans (D:13)
  A human (shapeshifter) (Vaults:3)
  2 steam dragons (Lair:6)
  34 tarantellas
  7 golden eyes
  10 basilisks
  2 hungry ghosts
  17 chaos spawn
  21 vampire mosquitoes
  31 neqoxecs
  11 spatial vortices
  A soldier ant (D:15)
  4 wargs
  2 acid dragons
  15 swamp worms
  6 insubstantial wisps (Abyss:4)
  6 hell hounds
  4 nagas (Abyss:4)
  14 swamp drakes
  8 porcupines
  12 water moccasins
  41 orc warriors
  A black bear (D:8)
  An ettin simulacrum (Vaults:3)
  2 eyes of draining
  An ice dragon simulacrum (Abyss:4)
  16 ice beasts
  20 ogres
  6 sky beasts
  55 starcursed masses
  6 wolves
  3 necrophages
  16 crocodiles
  5 boggarts (Vaults:1)
  19 centaurs
  2 swamp dragon skeletons (Pan)
  2 human zombies (Vaults:3)
  18 bullfrogs
  5 big kobolds
  4 earth elementals (Depths:1)
  A wyvern skeleton (D:13)
  65 killer bees
  3 scorpions
  17 wights
  An electric eel (Lair:6)
  A spriggan skeleton (D:13)
  A troll skeleton (D:13)
  7 howler monkeys
  8 crimson imps
  29 small abominations
  A quasit (Abyss:4)
  A bullfrog zombie (D:9)
  4 centaur zombies
  4 lava snakes (Lair:6)
  4 hounds
  17 orc priests
  6 jellies
  2 bullfrog skeletons
  4 gnoll shamans
  3 iron imps
  26 orc wizards
  5 iguanas
  Natasha (D:2)
  A lightning spire (Zot:4)
  8 worker ants
  An ogre skeleton (Pan)
  A hound skeleton (D:8)
  3 mummies (Zig:7)
  2 worker ant zombies
  20 gnolls
  13 adders
  2 river rats (Lair:2)
  3 shadow imps
  2 white imps
  3 ufetubi (Abyss:4)
  2 oozes (Lair:5)
  6 worms
  3 dart slugs
  4 leopard geckos
  95 orcs
  3 giant cockroaches
  8 goblins
  5 hobgoblins
  9 jackals
  4 quokkas
  5 bats
  A frilled lizard (shapeshifter) (Vaults:5)
  4 frilled lizards
  2 jackal skeletons
  33 kobolds
  3 rats
  11 briar patches
  6 fire vortices (Pan)
  A fungus (Lair:6)
  4 lurking horrors
  9 starspawn tentacles (Abyss:4)
3136 creatures vanquished.

Vanquished Creatures (collateral kills)
  2 Orb Guardians (Zot:5)
  A black sun (Pan)
  2 balrugs (Pan)
  A reaper (Pan)
  2 blood saints (Pan)
  4 very ugly things (Abyss:4)
  A lorocyproca (Pan)
  A blizzard demon (Pan)
  A monstrous demonspawn (Pan)
  6 sun demons (Pan)
  A large abomination (Abyss:4)
  2 torturous demonspawn (Pan)
  A smoke demon (Abyss:4)
  2 orange demons (Abyss:4)
  4 red devils (Pan)
  3 efreet (Pan)
  3 raiju (Abyss:4)
  2 ynoxinuls
  An ogre (D:4)
  2 starcursed masses (Abyss:4)
  A starspawn tentacle (Abyss:4)
43 creatures vanquished.

Vanquished Creatures (others)
  A pandemonium lord (Pan)
  A tentacled monstrosity (Pan)
  2 eldritch tentacles (Pan)
  2 draconian monks (Zot:2)
  7 balrugs (Pan)
  A cacodemon (Pan)
  3 reapers (Pan)
  A draconian annihilator (Zig:6)
  A green death (Pan)
  A mummy priest (Zig:7)
  A rakshasa (Pan)
  A centaur warrior (D:14)
  A monstrous demonspawn (Pan)
  3 dancing weapons (Vaults:5)
  A hell hog (Abyss:4)
  7 sun demons (Pan)
  2 infernal demonspawn (Pan)
  A sixfirhy (Pan)
  A torturous demonspawn (Pan)
  An orb spider (Spider:4)
  A wolf spider (Spider:4)
  3 smoke demons (Pan)
  A spiny frog (Swamp:4)
  2 orange demons (Pan)
  2 yaktaurs
  An efreet (Pan)
  4 hellwings (Pan)
  3 red devils (Pan)
  A jumping spider (Spider:4)
  2 raiju (Abyss:4)
  3 ynoxinuls (Pan)
  A golden eye (Zig:3)
  3 chaos spawn
  4 neqoxecs (Pan)
  3 orc warriors (Orc:2)
  A starcursed mass (Abyss:4)
  3 ogres
  7 centaurs (Orc:2)
  2 small abominations (Abyss:4)
  A gnoll (D:4)
  5 ball lightnings (Pan)
  9 orcs
  A giant cockroach (D:4)
  A jackal (D:5)
  2 briar patches
  7 fungi
  A lurking horror (Abyss:1)
  A plant (Lair:5)
  14 starspawn tentacles (Abyss:4)
  7 toadstools (Swamp:2)
135 creatures vanquished.

Grand Total: 3314 creatures vanquished

Notes
Turn   | Place    | Note
-------+----------+-------------------------------------------
     0 | D:1      | Enish the Formicid Chaos Knight began the quest for the
                  | Orb.
     0 | D:1      | Reached XP level 1. HP: 18/18 MP: 1/1
   104 | D:1      | XOM: potion effect (brilliance)
   109 | D:1      | Reached XP level 2. HP: 24/24 MP: 2/2
   180 | D:1      | XOM: harmless Pois miscast
   245 | D:2      | Reached XP level 3. HP: 25/29 MP: 3/3
   384 | D:2      | XOM: potion effect (agility)
   446 | D:3      | XOM: harmless Fire miscast
   451 | D:3      | Reached XP level 4. HP: 35/35 MP: 4/4
   586 | D:2      | Noticed Natasha
   596 | D:2      | You fall into a shaft and drop 1 floor!
   733 | D:3      | Reached XP level 5. HP: 25/41 MP: 5/5
   784 | D:3      | XOM: divination: detect items
   822 | D:3      | XOM: cast spell 'Olgreb's Toxic Radiance'
   823 | D:3      | Reached skill level 5 in Armour
   926 | D:4      | Reached XP level 6. HP: 39/47 MP: 6/6
  1024 | D:2      | Killed Natasha
  1107 | D:2      | You fall into a shaft and drop 2 floors!
  1107 | D:4      | Noticed an ogre
  1107 | D:4      | XOM: enchant monster (bad)
  1111 | D:4      | XOM: summons friendly shadow imp
  1121 | D:4      | Killed an ogre
  1124 | D:4      | Reached XP level 7. HP: 30/53 MP: 7/7
  1134 | D:5      | Entered Level 5 of the Dungeon
  1148 | D:6      | Noticed a wraith
  1225 | D:4      | XOM: confusion
  1248 | D:4      | Reached skill level 5 in Polearms
  1258 | D:4      | Found Qami Xyid's Antique Weapon Boutique.
  1293 | D:4      | XOM: enchant monster (bad)
  1407 | D:4      | Reached XP level 8. HP: 27/60 MP: 8/8
  1528 | D:3      | You fall into a shaft and drop 3 floors!
  1535 | D:6      | You fall into a shaft and drop 1 floor!
  1566 | D:7      | XOM: god gift: thin smoking staff {god gift}
  1623 | D:7      | Found a staircase to the Ecumenical Temple.
  1653 | Temple   | Entered the Ecumenical Temple
  1682 | Temple   | Fell from the grace of Xom
  1682 | Temple   | Became a worshipper of Gozag Ym Sagoz the Greedy
  1806 | D:7      | Reached skill level 5 in Fighting
  1846 | D:7      | Found an ancient bone altar of Kikubaaqudgha.
  1980 | D:9      | Noticed a yak
  1981 | D:9      | Noticed a yak
  1998 | D:9      | Killed a yak
  1998 | D:9      | Noticed a yak
  2089 | D:7      | Reached XP level 9. HP: 40/74 MP: 9/9
  2338 | D:6      | Noticed a glowing shapeshifter
  2338 | D:6      | a kobold changed into a glowing shapeshifter
  2338 | D:6      | XOM: polymorph kobold -> glowing shapeshifter
  2339 | D:6      | a glowing shapeshifter changed into a redback
  2344 | D:6      | Noticed a death drake
  2344 | D:6      | a redback changed into a death drake
  2349 | D:6      | Noticed a glowing shapeshifter
  2349 | D:6      | a death drake changed into a glowing shapeshifter
  2349 | D:6      | Noticed a mana viper
  2349 | D:6      | a glowing shapeshifter changed into a mana viper
  2352 | D:6      | Noticed an eye of devastation
  2352 | D:6      | a mana viper changed into an eye of devastation
  2354 | D:6      | an eye of devastation changed into a dream sheep
  2594 | D:5      | Got a clouded pewter ring
  2596 | D:5      | Identified the ring "Nuvvaal" {rF+ rC++ Dex+3 Stlth+} (You
                  | found it on level 5 of the Dungeon)
  2726 | D:6      | You fall into a shaft and drop 3 floors!
  2840 | D:9      | Found a staircase to the Lair.
  2953 | D:10     | Entered Level 10 of the Dungeon
  3056 | D:9      | Reached XP level 10. HP: 50/80 MP: 10/10
  3078 | D:9      | Noticed a yaktaur
  3078 | D:9      | a yak changed into a yaktaur
  3090 | D:9      | Noticed a guardian serpent
  3090 | D:9      | a yaktaur changed into a guardian serpent
  3105 | D:9      | Killed a guardian serpent
  3118 | D:9      | Noticed Erica
  3156 | D:8      | Noticed a two-headed ogre
  3161 | D:8      | You fall into a shaft and drop 1 floor!
  3299 | D:8      | Reached skill level 10 in Polearms
  3408 | D:8      | Killed a two-headed ogre
  3422 | D:9      | Bought a +1 large shield of positive energy for 135 gold
                  | pieces
  3535 | D:8      | Noticed Grum
  3555 | D:8      | Reached skill level 1 in Shields
  3947 | D:8      | You fall into a shaft and drop 2 floors!
  4060 | D:10     | Noticed Harold
  4076 | D:10     | Banished Harold
  4076 | D:10     | Reached skill level 5 in Shields
  4076 | D:10     | Reached XP level 11. HP: 89/90 MP: 11/11
  4093 | D:10     | XOM: summons 4 hostile shadow creatures
  4095 | D:10     | Found a staircase to the Orcish Mines.
  4119 | D:10     | You fall into a shaft and drop 2 floors!
  4130 | D:12     | Identified the Disquisition on the Birds
  4280 | D:12     | Noticed Maurice
  4287 | D:12     | XOM: chaos cloud
  4288 | D:12     | Killed Maurice
  4313 | D:12     | XOM: swap monsters
  4338 | D:12     | Noticed a two-headed ogre
  4339 | D:12     | XOM: swap monsters
  4355 | D:12     | Killed a two-headed ogre
  4357 | D:12     | Noticed a cyclops
  4387 | D:12     | Killed a cyclops
  4444 | D:12     | XOM: medium Tloc miscast
  4484 | D:12     | XOM: summons 6 hostile demons
  4503 | D:12     | You fall into a shaft and drop 2 floors!
  4591 | D:14     | Reached skill level 10 in Shields
  4603 | D:13     | Noticed a red ugly thing
  4612 | D:13     | Killed a red ugly thing
  4655 | D:12     | XOM: blink monster(s)
  4980 | D:11     | Found a portal to a secret trove of treasure.
  4980 | D:11     | Found a hazy altar of Hepliaklqana.
  5392 | D:10     | XOM: give mutations
  5392 | D:10     | Gained mutation: You are dopey. (Int -2) [Xom's mischief]
  5392 | D:10     | Gained mutation: You are weak. (Str -2) [Xom's mischief]
  5392 | D:10     | Gained mutation: You are frail. (-10% HP) [Xom's mischief]
  5463 | D:9      | You fall into a shaft and drop 1 floor!
  5468 | D:10     | You fall into a shaft and drop 3 floors!
  5489 | D:13     | XOM: give mutations
  5489 | D:13     | Gained mutation: Your body sometimes deteriorates upon
                  | taking damage. [Xom's mischief]
  5489 | D:13     | Lost mutation: You are dopey. (Int -2) [Xom's mischief]
  5489 | D:13     | Gained mutation: You have sharp toenails. [Xom's mischief]
  5517 | D:13     | Reached XP level 12. HP: 87/87 MP: 12/12
  5655 | D:13     | Noticed a centaur warrior
  5672 | D:13     | Killed a centaur warrior
  5684 | D:13     | Noticed an unseen horror
  5747 | D:13     | Killed an unseen horror
  5781 | D:13     | Noticed an unseen horror
  5812 | D:13     | Killed an unseen horror
  5888 | D:13     | Noticed an unseen horror
  5896 | D:13     | Killed an unseen horror
  5921 | D:13     | Found the +8 orange crystal plate armour {Archmagi, Int+3
                  | Clar}
  6011 | D:13     | XOM: severe Fire miscast
  6118 | D:12     | XOM: summons 14 hostile demons
  6222 | D:12     | Noticed Nessos
  6224 | D:12     | Noticed Nessos
  6224 | D:12     | Nessos changed into Nessos the redback
  6227 | D:12     | Killed Nessos the redback
  6368 | Lair:1   | Entered Level 1 of the Lair of Beasts
  6404 | Lair:1   | Reached skill level 10 in Armour
  6423 | Lair:1   | XOM: mild Air miscast
  6489 | Lair:1   | XOM: mild Tloc miscast
  6591 | Lair:1   | You fall into a shaft and drop 1 floor!
  6731 | Lair:2   | Reached XP level 13. HP: 89/92 MP: 13/13
  6737 | Lair:2   | Reached skill level 10 in Fighting
  6888 | Lair:2   | Bought a +0 pair of boots of stealth for 138 gold pieces
  7221 | Lair:1   | You fall into a shaft and drop 1 floor!
  7250 | Lair:2   | XOM: polymorph wolf -> sky beast
  7327 | Lair:2   | You fall into a shaft and drop 2 floors!
  7516 | Lair:4   | Noticed an eight-headed hydra
  7540 | Lair:4   | Killed a ten-headed hydra
  7621 | Lair:4   | XOM: enchant monster (bad)
  7754 | Lair:3   | Noticed a seven-headed hydra
  7767 | Lair:3   | Killed a seven-headed hydra
  7936 | Lair:3   | XOM: scenery: create altars
  7981 | Lair:2   | XOM: severe Chrm miscast
  8028 | Lair:2   | Noticed Sonja
  8061 | Lair:2   | Killed Sonja
  8191 | Lair:2   | Noticed a five-headed hydra
  8210 | Lair:2   | Killed a five-headed hydra
  8237 | Lair:2   | Noticed an eight-headed hydra
  8262 | Lair:2   | Killed an eight-headed hydra
  8262 | Lair:2   | Reached XP level 14. HP: 46/99 MP: 14/14
  8271 | Lair:2   | XOM: medium Fire miscast
  8356 | Lair:2   | Found a staircase to the Swamp.
  8368 | Swamp:1  | Entered Level 1 of the Swamp
  8393 | Lair:2   | You fall into a shaft and drop 2 floors!
  8534 | Lair:3   | You fall into a shaft and drop 1 floor!
  8622 | Lair:4   | You fall into a shaft and drop 2 floors!
  8622 | Lair:6   | Entered Level 6 of the Lair of Beasts
  8796 | Lair:6   | XOM: give mutations
  8796 | Lair:6   | Gained mutation: [You occasionally shout uncontrollably at
                  | your foes.] [Xom's mischief]
  8796 | Lair:6   | Gained mutation: You are clumsy. (Dex -2) [Xom's mischief]
  8819 | Lair:6   | XOM: medium Conj miscast
  8833 | Lair:6   | Found a frozen archway.
  8926 | IceCv    | Entered an ice cave
  8995 | IceCv    | Reached skill level 15 in Polearms
  9239 | IceCv    | Identified the ring of Dougas {AC+4 Str+4} (You found it in
                  | an ice cave)
  9252 | IceCv    | Got a faintly glowing jade ring
  9254 | IceCv    | Identified the ring "Regh" {MP+9 Str+6} (You found it in an
                  | ice cave)
  9347 | IceCv    | XOM: medium Pois miscast
  9347 | IceCv    | Was forgiven by Xom
  9471 | Lair:6   | Bought the +3 pair of gauntlets of War {Slay+5} for 665
                  | gold pieces
  9471 | Lair:6   | Found the +3 pair of gauntlets of War {Slay+5}
  9710 | Lair:6   | Found a large runed translucent door.
  9710 | Lair:6   | Found a large runed translucent door.
  9919 | Lair:6   | Reached skill level 1 in Evocations
 10073 | Lair:5   | Found a staircase to the Slime Pits.
 10123 | Lair:5   | Noticed Kirke
 10139 | Lair:5   | Killed Kirke
 10139 | Lair:5   | Reached XP level 15. HP: 88/111 MP: 16/16
 10502 | Orc:1    | Entered Level 1 of the Orcish Mines
 10564 | Orc:1    | Bought a pair of runed boots for 240 gold pieces
 10564 | Orc:1    | Bought 2 scrolls labeled LISMOR LEKH for 64 gold pieces
 10564 | Orc:1    | Bought a scroll of identify for 64 gold pieces
 10599 | Orc:1    | You fall into a shaft and drop 1 floor!
 10599 | Orc:2    | Entered Level 2 of the Orcish Mines
 10846 | Orc:1    | Noticed Erolcha
 10901 | Orc:1    | Killed Erolcha
 10935 | Orc:1    | You fall into a shaft and drop 1 floor!
 10960 | Orc:2    | Noticed a stone giant
 10971 | Orc:2    | Killed a stone giant
 11005 | Orc:2    | Found a roughly hewn altar of Beogh.
 11181 | Orc:2    | Found Ineseyme's Assorted Antiques.
 11181 | Orc:2    | Found Wiaxe's Weapon Shoppe.
 11183 | Orc:2    | Found Sealoq's Gadget Boutique.
 11185 | Orc:2    | Found Kyluen's General Store.
 11192 | Orc:2    | Bought a scroll of identify for 62 gold pieces
 11192 | Orc:2    | Bought 3 scrolls of identify for 186 gold pieces
 11192 | Orc:2    | Bought a potion of heal wounds for 155 gold pieces
 11192 | Orc:2    | Bought a potion of agility for 124 gold pieces
 11194 | Orc:2    | Bought a sack of spiders for 260 gold pieces
 11194 | Orc:2    | Bought a sack of spiders for 260 gold pieces
 11194 | Orc:2    | Bought a phantom mirror for 390 gold pieces
 11194 | Orc:2    | Bought a phantom mirror for 390 gold pieces
 11244 | Orc:2    | Found a staircase to the Elven Halls.
 11299 | Elf:1    | Entered Level 1 of the Elven Halls
 11453 | D:10     | You fall into a shaft and drop 3 floors!
 11682 | D:13     | Found a gate to the Vaults.
 11690 | D:13     | You fall into a shaft and drop 2 floors!
 11690 | D:15     | Entered Level 15 of the Dungeon
 11897 | D:15     | Reached XP level 16. HP: 119/119 MP: 18/18
 12095 | D:15     | Found a staircase to the Depths.
 12098 | Depths:1 | Entered Level 1 of the Depths
 12214 | Depths:1 | Noticed a lich
 12912 | Lair:1   | You fall into a shaft and drop 1 floor!
 12981 | Swamp:1  | Bought a scroll of magic mapping for 126 gold pieces
 12981 | Swamp:1  | Bought a scroll of enchant armour for 270 gold pieces
 13258 | Lair:2   | You fall into a shaft and drop 1 floor!
 13634 | Swamp:1  | Found a large runed translucent door.
 13634 | Swamp:1  | Found a large runed translucent door.
 13637 | Swamp:2  | Noticed Donald
 13669 | Swamp:1  | Killed Donald
 13673 | Swamp:1  | Noticed Vuxzinot's ghost (journeyman DsFi)
 14218 | Swamp:4  | Entered Level 4 of the Swamp
 14255 | Swamp:4  | Noticed a thorn hunter
 14266 | Swamp:4  | Killed a thorn hunter
 14298 | Swamp:4  | Reached XP level 17. HP: 125/125 MP: 19/19
 14800 | Swamp:4  | Reached skill level 1 in Dodging
 14937 | Swamp:4  | Lost mutation: You are weak. (Str -2) [potion of mutation]
 14937 | Swamp:4  | Lost mutation: Your body sometimes deteriorates upon taking
                  | damage. [potion of mutation]
 14937 | Swamp:4  | Lost mutation: [You occasionally shout uncontrollably at
                  | your foes.] [potion of mutation]
 14937 | Swamp:4  | Lost mutation: You are frail. (-10% HP) [potion of
                  | mutation]
 14937 | Swamp:4  | Gained mutation: You are partially covered in molten
                  | scales. (AC +2) [potion of mutation]
 14937 | Swamp:4  | Lost mutation: You are clumsy. (Dex -2) [potion of
                  | mutation]
 15092 | Swamp:4  | Noticed a thorn hunter
 15110 | Swamp:4  | Killed a thorn hunter
 15174 | Swamp:4  | Got a decaying rune of Zot
 15251 | Swamp:2  | Noticed a thorn hunter
 15260 | Swamp:2  | Killed a thorn hunter
 15271 | Swamp:2  | Noticed Jorgrun
 15281 | Swamp:2  | Killed Jorgrun
 15602 | Swamp:1  | Found an ancient bone altar of Kikubaaqudgha.
 15684 | Swamp:1  | Killed Vuxzinot's ghost
 15788 | Lair:2   | Found a hole to the Spider Nest.
 15804 | Spider:1 | Entered Level 1 of the Spider Nest
 16143 | Spider:2 | Reached XP level 18. HP: 126/146 MP: 20/20
 16327 | Spider:2 | Identified the +6 large shield "Jurch" {Str+5} (You found
                  | it on level 2 of the Spider Nest)
 16343 | Spider:2 | Noticed Aizul
 16369 | Spider:2 | Killed Aizul
 16404 | Spider:2 | Noticed Arachne
 16440 | Spider:2 | Killed Arachne
 16823 | Spider:3 | Reached skill level 5 in Dodging
 17069 | Spider:4 | Entered Level 4 of the Spider Nest
 17119 | Spider:4 | Noticed Bai Suzhen
 17155 | Spider:4 | Killed Bai Suzhen
 17179 | Spider:4 | Reached skill level 15 in Armour
 17593 | Spider:4 | Reached skill level 15 in Shields
 17705 | Spider:4 | Reached XP level 19. HP: 133/152 MP: 0/21
 17780 | Spider:4 | Got a gossamer rune of Zot
 17923 | Spider:4 | Noticed Nikola
 17960 | Spider:4 | Killed Nikola
 18621 | Vaults:1 | Entered Level 1 of the Vaults
 18624 | Vaults:1 | Bought a scroll of enchant armour for 165 gold pieces
 18624 | Vaults:1 | Bought a potion of curing for 66 gold pieces
 18624 | Vaults:1 | Bought a potion of curing for 66 gold pieces
 18624 | Vaults:1 | Bought a scroll labeled CANAIJ DENWUR for 22 gold pieces
 18625 | Vaults:1 | Found the +12 glaive of Prune {chop}
 18805 | Vaults:2 | Found Qeruphikh's Antique Armour Shop.
 18808 | Vaults:2 | Bought a faintly glowing cloak for 266 gold pieces
 18808 | Vaults:2 | Identified the +1 cloak of the Ditch-Digger {+Inv} (You
                  | bought it in a shop on level 2 of the Vaults)
 19281 | Vaults:1 | Reached XP level 20. HP: 154/159 MP: 22/22
 19450 | Vaults:3 | Found a flickering gateway to a bazaar.
 19459 | Bazaar   | Entered a bazaar
 19463 | Bazaar   | Found Woaptoipp's Gadget Boutique.
 19481 | Bazaar   | Found Denie's General Store.
 19499 | Bazaar   | Found Duittoek's Gadget Boutique.
 19516 | Bazaar   | Found Heijig's Magic Scroll Emporium.
 19538 | Bazaar   | Bought a box of beasts for 180 gold pieces
 19538 | Bazaar   | Bought a sack of spiders for 180 gold pieces
 19538 | Bazaar   | Bought a sack of spiders for 180 gold pieces
 19538 | Bazaar   | Bought a wand of acid (8) for 216 gold pieces
 19538 | Bazaar   | Bought a phantom mirror for 270 gold pieces
 19553 | Bazaar   | Bought 2 potions of curing for 108 gold pieces
 19553 | Bazaar   | Bought a ration for 90 gold pieces
 19989 | Vaults:2 | Reached skill level 1 in Spellcasting
 20166 | Vaults:2 | Reached skill level 15 in Fighting
 20653 | Vaults:2 | You fall into a shaft and drop 1 floor!
 20704 | Vaults:3 | Reached XP level 21. HP: 142/171 MP: 27/27
 20935 | Vaults:3 | Noticed Mara
 20943 | Vaults:3 | Killed Mara
 21302 | Vaults:4 | Found Puikef's Food Emporium.
 21338 | Vaults:4 | Bought a ration for 55 gold pieces
 21338 | Vaults:4 | Bought a ration for 55 gold pieces
 21338 | Vaults:4 | Bought a ration for 55 gold pieces
 21338 | Vaults:4 | Bought a ration for 55 gold pieces
 21338 | Vaults:4 | Bought a ration for 55 gold pieces
 21768 | Vaults:5 | Entered Level 5 of the Vaults
 21990 | Vaults:4 | Reached XP level 22. HP: 97/188 MP: 25/28
 22131 | Vaults:3 | Found a staircase to the Crypt.
 22184 | Vaults:3 | You fall into a shaft and drop 1 floor!
 22250 | Vaults:4 | You fall into a shaft and drop 1 floor!
 22258 | Vaults:5 | Found Iqeek Zak's Food Shop.
 22280 | Vaults:5 | Reached skill level 5 in Spellcasting
 22533 | Vaults:5 | Got a silver rune of Zot
 23007 | Vaults:5 | Found Ewuj's Distillery.
 23012 | Vaults:5 | Bought a potion of curing for 54 gold pieces
 23012 | Vaults:5 | Bought a potion of curing for 54 gold pieces
 23012 | Vaults:5 | Bought a potion of agility for 72 gold pieces
 23012 | Vaults:5 | Bought a potion of curing for 54 gold pieces
 23012 | Vaults:5 | Bought 2 potions of curing for 108 gold pieces
 23012 | Vaults:5 | Bought a potion of magic for 144 gold pieces
 23012 | Vaults:5 | Bought a potion of cancellation for 144 gold pieces
 23028 | Vaults:5 | Found Heimirr's Food Boutique.
 23040 | Vaults:5 | Found Bayteqet's Food Shop.
 23178 | Vaults:5 | Reached XP level 23. HP: 201/201 MP: 33/33
 23184 | Vaults:5 | Noticed an ancient lich
 23206 | Vaults:5 | Killed an ancient lich
 23281 | Vaults:5 | Reached skill level 5 in Evocations
 23342 | Vaults:5 | Identified the ring of Rioxiatt {+Fly Str-5 Dex+4 SInv}
 23375 | Vaults:5 | Learned a level 2 spell: Song of Slaying
 23427 | Vaults:5 | Noticed a golden dragon
 23445 | Vaults:5 | Reached skill level 1 in Charms
 23449 | Vaults:5 | Noticed a golden dragon
 23469 | Vaults:5 | Noticed a golden dragon
 23476 | Vaults:5 | Killed a golden dragon
 23482 | Vaults:5 | Killed a golden dragon
 23491 | Vaults:5 | Killed a golden dragon
 23499 | Vaults:5 | Reached skill level 5 in Charms
 23540 | Vaults:5 | Found Muutz's Jewellery Boutique.
 23545 | Vaults:5 | Bought the ring of Pes Zula {rElec rPois Int+3} for 644
                  | gold pieces
 23661 | Vaults:5 | Found Hawonelyte's Gadget Emporium.
 23666 | Vaults:5 | Bought a phantom mirror for 540 gold pieces
 24133 | Vaults:1 | Found a runed translucent gate.
 24133 | Vaults:1 | Found a runed translucent gate.
 24134 | Vaults:1 | Found a runed translucent gate.
 24135 | Vaults:1 | Noticed iVAG's ghost (adept DrCj)
 24135 | Vaults:1 | Noticed Gastoe's ghost (veteran GrEE)
 24152 | Vaults:1 | Killed Gastoe's ghost
 24156 | Vaults:1 | Killed iVAG's ghost
 24156 | Vaults:1 | Reached XP level 24. HP: 178/211 MP: 36/36
 24290 | Vaults:1 | Bought a scroll of fog for 30 gold pieces
 24290 | Vaults:1 | Bought a scroll of enchant weapon for 112 gold pieces
 24290 | Vaults:1 | Bought a scroll of holy word for 112 gold pieces
 24299 | Vaults:1 | Bought a +1 pair of boots of flying for 297 gold pieces
 24308 | Vaults:1 | Learned a level 3 spell: Regeneration
 24315 | D:13     | You are sucked into a shaft and drop 1 floor!
 24318 | D:14     | You are sucked into a shaft and drop 1 floor!
 24921 | Depths:2 | Noticed Louise
 24952 | Depths:2 | Killed Louise
 24961 | Depths:2 | Found a one-way gate to the infinite horrors of the Abyss.
 24982 | Depths:2 | You are sucked into a shaft and drop 2 floors!
 25006 | Depths:4 | Noticed a golden dragon
 25015 | Depths:4 | Killed a golden dragon
 25251 | Depths:4 | Found a runed translucent door.
 25292 | Depths:4 | Reached skill level 10 in Spellcasting
 25315 | Depths:5 | Entered Level 5 of the Depths
 25316 | Depths:5 | Noticed a golden dragon
 25353 | Depths:4 | Noticed a caustic shrike
 25447 | Depths:4 | Killed a caustic shrike
 25447 | Depths:4 | Reached XP level 25. HP: 163/223 MP: 34/37
 25494 | Depths:4 | Noticed a juggernaut
 25514 | Depths:4 | Killed a juggernaut
 25812 | Depths:4 | Identified the Disquisition on Stones and Self-Improvement
 25825 | Depths:4 | Found a gateway to Hell.
 25826 | Depths:4 | Noticed a caustic shrike
 25827 | Depths:4 | Found the +3 Elemental Staff {rElec rF++ rC++ MR++ AC+5}
 25883 | Depths:4 | Killed a caustic shrike
 25930 | Depths:4 | Identified the ring of Xibopiot {*Corrode rPois rN+ Dex+5}
                  | (You found it on level 4 of the Depths)
 26233 | Depths:4 | Noticed Sojobo
 26261 | Depths:4 | Killed Sojobo
 26767 | Depths:3 | Found a one-way gate leading to the halls of Pandemonium.
 26787 | Depths:3 | Reached XP level 26. HP: 185/235 MP: 37/37
 26839 | Depths:3 | Identified the ring of Oggaoll {*Tele rN+ Str+3 Dex+5} (You
                  | found it on level 3 of the Depths)
 26862 | Depths:3 | You are sucked into a shaft and drop 2 floors!
 27035 | Depths:5 | Found a gateway to a ziggurat.
 27060 | Zig:1    | Entered Level 1 of a ziggurat
 27061 | Zig:1    | Noticed Gan Yhug the pandemonium lord
 27071 | Zig:1    | Killed Gan Yhug the pandemonium lord
 27082 | Zig:2    | Entered Level 2 of a ziggurat
 27108 | Zig:3    | Entered Level 3 of a ziggurat
 27112 | Zig:3    | Gained mutation: You have a beak for a mouth. [a cacodemon]
 27115 | Zig:3    | Gained mutation: Your body sometimes deteriorates upon
                  | taking damage. [a cacodemon]
 27168 | Zig:4    | Entered Level 4 of a ziggurat
 27216 | Zig:4    | Identified the Disquisition on Earthen Bewitchment
 27223 | Zig:5    | Entered Level 5 of a ziggurat
 27235 | Zig:5    | Reached skill level 1 in Necromancy
 27272 | Zig:6    | Entered Level 6 of a ziggurat
 27427 | Zig:7    | Entered Level 7 of a ziggurat
 27544 | Zig:7    | Identified the Handbook of Hurtful Shape Shifting
 27552 | Zig:7    | Identified the amulet of Incredulity {RegenMP *Slow Str+6}
                  | (You found it on level 7 of a ziggurat)
 27619 | Zig:8    | Entered Level 8 of a ziggurat
 27635 | Zig:8    | Found the +3 crown of Dyrovepreva {rElec Int+2 SInv}
 27722 | Zig:8    | Found the macabre finger necklace {rN+}
 27737 | Zig:8    | Reached XP level 27. HP: 78/245 MP: 20/37
 27789 | Depths:5 | Reached skill level 5 in Necromancy
 27806 | Depths:5 | Reached skill level 10 in Dodging
 27875 | Depths:5 | Found a gate to the Realm of Zot.
 27982 | Depths:5 | Identified the ring "Rihups" {EV+1 Str+4} (You found it on
                  | level 5 of the Depths)
 28172 | Depths:3 | Identified the cursed +1 plate armour of Neppof {rElec rC+
                  | Dex+4} (You found it on level 3 of the Depths)
 28203 | Depths:3 | You are sucked into a shaft and drop 2 floors!
 28321 | Zot:1    | Entered Level 1 of the Realm of Zot
 28529 | Zot:1    | Noticed an orb of fire
 28536 | Zot:1    | Gained mutation: Your spells are a little easier to cast,
                  | but a little less powerful. [an orb of fire]
 28539 | Zot:1    | Killed an orb of fire
 29303 | Zot:3    | Noticed a Killer Klown
 29316 | Zot:3    | Killed a Killer Klown
 29353 | Zot:3    | Reached skill level 15 in Dodging
 29731 | Zot:2    | Noticed an orb of fire
 30253 | Zot:4    | Reached skill level 15 in Spellcasting
 30411 | Zot:5    | Entered Level 5 of the Realm of Zot
 30635 | Zot:5    | Reached skill level 10 in Evocations
 30737 | Zot:5    | Noticed an orb of fire
 30778 | Zot:5    | Noticed a Killer Klown
 30795 | Zot:5    | Killed a Killer Klown
 30803 | Zot:5    | Killed an orb of fire
 30805 | Zot:5    | Noticed an ancient lich
 30852 | Zot:5    | Killed an ancient lich
 30911 | Zot:5    | Noticed a Killer Klown
 30926 | Zot:5    | Killed a Killer Klown
 30931 | Zot:5    | Noticed a Killer Klown
 30961 | Zot:5    | Killed a Killer Klown
 31081 | Zot:5    | Noticed an ancient lich
 31089 | Zot:5    | Killed an ancient lich
 31090 | Zot:5    | Noticed a Killer Klown
 31119 | Zot:5    | Killed a Killer Klown
 31144 | Zot:5    | Noticed a Killer Klown
 31155 | Zot:5    | Noticed a Killer Klown
 31156 | Zot:5    | Killed a Killer Klown
 31162 | Zot:5    | Noticed an ancient lich
 31163 | Zot:5    | Killed a Killer Klown
 31166 | Zot:5    | Noticed a Killer Klown
 31184 | Zot:5    | Killed an ancient lich
 31193 | Zot:5    | Killed a Killer Klown
 31210 | Zot:5    | Noticed an ancient lich
 31211 | Zot:5    | Noticed an orb of fire
 31227 | Zot:5    | Killed an ancient lich
 31231 | Zot:5    | Gained mutation: Armour fits poorly on your strangely
                  | shaped body. [an orb of fire]
 31233 | Zot:5    | Killed an orb of fire
 31234 | Zot:5    | Lost mutation: Your body sometimes deteriorates upon taking
                  | damage. [potion of mutation]
 31234 | Zot:5    | Lost mutation: Your spells are a little easier to cast, but
                  | a little less powerful. [potion of mutation]
 31234 | Zot:5    | Gained mutation: [You occasionally shout uncontrollably at
                  | your foes.] [potion of mutation]
 31234 | Zot:5    | Gained mutation: Your body sometimes deteriorates upon
                  | taking damage. [potion of mutation]
 31234 | Zot:5    | Gained mutation: You are partially covered in large bone
                  | plates. (SH +4) [potion of mutation]
 31235 | Zot:5    | Lost mutation: Armour fits poorly on your strangely shaped
                  | body. [potion of mutation]
 31235 | Zot:5    | Lost mutation: Your body sometimes deteriorates upon taking
                  | damage. [potion of mutation]
 31235 | Zot:5    | Gained mutation: You have razor-sharp toenails. [potion of
                  | mutation]
 31235 | Zot:5    | Gained mutation: You are frail. (-10% HP) [potion of
                  | mutation]
 31235 | Zot:5    | Gained mutation: You possess an exceptional clarity of
                  | mind. [potion of mutation]
 31236 | Zot:5    | Lost mutation: [You occasionally shout uncontrollably at
                  | your foes.] [potion of mutation]
 31236 | Zot:5    | Lost mutation: You are frail. (-10% HP) [potion of
                  | mutation]
 31236 | Zot:5    | Lost mutation: You are partially covered in molten scales.
                  | (AC +2) [potion of mutation]
 31236 | Zot:5    | Gained mutation: You are weak. (Str -2) [potion of
                  | mutation]
 31236 | Zot:5    | Gained mutation: You are covered in fur. (AC +1) [potion of
                  | mutation]
 31236 | Zot:5    | Gained mutation: Your spells are a little harder to cast,
                  | but a little more powerful. [potion of mutation]
 31665 | Zot:2    | Found a transporter.
 31666 | Zot:2    | Noticed an ancient lich
 31669 | Zot:2    | Found a radiant altar of Vehumet.
 31704 | Zot:2    | Noticed an ancient lich
 31707 | Zot:2    | Gained mutation: Potions are less effective at restoring
                  | your health. [an orb of fire]
 31710 | Zot:2    | Killed an orb of fire
 31725 | Zot:2    | Noticed an ancient lich
 31727 | Zot:2    | Killed an ancient lich
 31734 | Zot:2    | Killed an ancient lich
 31767 | Zot:2    | Killed an ancient lich
 31815 | Zot:2    | Found a transporter.
 31928 | Zot:2    | You fall into a shaft and drop 1 floor!
 31989 | Zot:2    | Learned a level 6 spell: Deflect Missiles
 32421 | Depths:3 | Voluntarily entered the Abyss.
 32492 | Abyss:1  | Killed Harold
 32545 | Abyss:1  | Found a corrupted altar of Lugonu.
 32624 | Abyss:1  | Found a corrupted altar of Lugonu.
 32664 | Abyss:1  | Gained mutation: Your body sometimes deteriorates upon
                  | taking damage. [a cacodemon]
 32676 | Abyss:1  | Found a corrupted altar of Lugonu.
 32731 | Abyss:1  | Lost mutation: You possess an exceptional clarity of mind.
                  | [potion of mutation]
 32731 | Abyss:1  | Lost mutation: You have razor-sharp toenails. [potion of
                  | mutation]
 32731 | Abyss:1  | Gained mutation: You are robust. (+10% HP) [potion of
                  | mutation]
 32780 | Abyss:2  | Reached skill level 10 in Charms
 33382 | Abyss:3  | Found a bloodstained altar of Trog.
 33517 | Abyss:4  | Found a corrupted altar of Lugonu.
 33630 | Abyss:4  | Identified the +6 large shield of the Vaults {-Tele rElec
                  | Str+2 Int+4}
 34081 | Abyss:4  | Lost mutation: Your spells are a little harder to cast, but
                  | a little more powerful. [a neqoxec]
 34155 | Abyss:4  | Reached skill level 15 in Charms
 34572 | Abyss:4  | Reached skill level 15 in Evocations
 34764 | Abyss:4  | Noticed an ancient lich
 34785 | Abyss:4  | Killed an ancient lich
 34894 | Abyss:4  | Got an abyssal rune of Zot
 35002 | Abyss:5  | Entered Level 5 of the Abyss
 35002 | Crypt:1  | Entered Level 1 of the Crypt
 35002 | Abyss:5  | Entered Level 5 of the Abyss
 35002 | Abyss:5  | Entered Level 5 of the Abyss
 35002 | Abyss:5  | Entered Level 5 of the Abyss
 35046 | Depths:3 | Escaped the Abyss
 35090 | Pan      | Entered Pandemonium
 35234 | Pan      | Noticed Xewism the pandemonium lord
 35246 | Pan      | Killed Xewism the pandemonium lord
 35246 | Pan      | Reached skill level 1 in Air Magic
 35539 | Pan      | Found an exit through the horrors of the Abyss.
 35642 | Pan      | Noticed Joried the pandemonium lord
 35654 | Pan      | Killed Joried the pandemonium lord
 35890 | Pan      | Entered the realm of Lom Lobon.
 35946 | Pan      | Reached skill level 5 in Air Magic
 36419 | Pan      | Noticed Lom Lobon
 36436 | Pan      | Killed Lom Lobon
 36456 | Pan      | Got a magical rune of Zot
 36866 | Pan      | Gained mutation: You are agile. (Dex +2) [a neqoxec]
 36930 | Pan      | Found an exit through the horrors of the Abyss.
 36960 | Pan      | Noticed Ineununi the pandemonium lord
 36988 | Pan      | Killed Ineununi the pandemonium lord
 37374 | Pan      | Found an exit through the horrors of the Abyss.
 37541 | Pan      | Noticed Fumeh the pandemonium lord
 37556 | Pan      | Killed Fumeh the pandemonium lord
 37583 | Pan      | Entered the realm of Gloorx Vloq.
 38213 | Pan      | Noticed Gloorx Vloq
 38242 | Pan      | Killed Gloorx Vloq
 38292 | Pan      | Got a dark rune of Zot
 38539 | Pan      | Found an exit through the horrors of the Abyss.
 38932 | Pan      | Lost mutation: You are robust. (+10% HP) [a cacodemon]
 39004 | Pan      | Noticed Plog the pandemonium lord
 39014 | Pan      | Killed Plog the pandemonium lord
 39128 | Pan      | Found an exit through the horrors of the Abyss.
 39591 | Pan      | Noticed Betaublofo the pandemonium lord
 39617 | Pan      | Killed Betaublofo the pandemonium lord
 39669 | Pan      | Identified the ring of Arrival {+Inv +Fly rPois Dex+2}
 39810 | Pan      | Found a runed translucent door.
 40213 | Pan      | Noticed Hujaedab the pandemonium lord
 40223 | Pan      | Killed Hujaedab the pandemonium lord
 40298 | Pan      | Identified the Guide on Ashen Arcane Weapons
 40387 | Depths:3 | Escaped Pandemonium
 40391 | Depths:3 | Bought a phantom mirror for 600 gold pieces
 40391 | Depths:3 | Bought a potion of heal wounds for 100 gold pieces
 40395 | Pan      | Entered the realm of Mnoleg.
 40395 | Pan      | Entered Pandemonium
 40476 | Pan      | Lost mutation: You are agile. (Dex +2) [a neqoxec]
 40542 | Pan      | Noticed Mnoleg
 40563 | Pan      | Killed Mnoleg
 40605 | Pan      | Got a glowing rune of Zot
 40697 | Pan      | Entered the realm of Cerebov.
 40715 | Pan      | Reached skill level 27 in Polearms
 41029 | Pan      | Identified the Grimoire of Bewitchment and the Frostbite
 41060 | Pan      | Identified the Compendium of Captivating Flames
 41077 | Pan      | Got a heavily runed tin ring
 41078 | Pan      | Identified the cursed ring "Ruerghum" {rF+ Str-5 Stlth+}
                  | (You found it in Pandemonium)
 41086 | Pan      | Identified the Papyrus of Combat Magic
 41116 | Pan      | Identified the +6 sword of Cerebov {flame}
 41116 | Pan      | Noticed Cerebov
 41163 | Pan      | Reached skill level 1 in Stealth
 41212 | Pan      | Killed Cerebov
 41247 | Pan      | Got a fiery rune of Zot
 41300 | Pan      | Found an exit through the horrors of the Abyss.
 41425 | Pan      | Reached skill level 5 in Stealth
 41555 | Pan      | Found a huge runed translucent gate.
 41556 | Pan      | Found a huge runed translucent gate.
 41557 | Pan      | Found a huge runed translucent gate.
 41558 | Pan      | Found a huge runed translucent gate.
 41560 | Pan      | Found a huge runed translucent gate.
 41561 | Pan      | Found a huge runed translucent gate.
 41562 | Pan      | Found a huge runed translucent gate.
 41572 | Pan      | Noticed Kiumaczan the pandemonium lord
 41824 | Pan      | Gained mutation: Armour fits poorly on your strangely
                  | shaped body. [a neqoxec]
 41828 | Pan      | Lost mutation: Potions are less effective at restoring your
                  | health. [potion of mutation]
 41828 | Pan      | Lost mutation: You have sharp toenails. [potion of
                  | mutation]
 41828 | Pan      | Gained mutation: Your magical capacity is low. (-10% MP)
                  | [potion of mutation]
 41828 | Pan      | Gained mutation: Your flesh is heat resistant. (rF+)
                  | [potion of mutation]
 41828 | Pan      | Gained mutation: You have sharp fingernails. [potion of
                  | mutation]
 41937 | Pan      | Reached skill level 27 in Fighting
 41975 | Pan      | Noticed Vuestruh the pandemonium lord
 41988 | Pan      | Killed Vuestruh the pandemonium lord
 42154 | Pan      | Noticed Fanuih the pandemonium lord
 42184 | Pan      | Killed Fanuih the pandemonium lord
 42259 | Pan      | Found an exit through the horrors of the Abyss.
 42534 | Pan      | Noticed Nierhat the pandemonium lord
 42565 | Pan      | Killed Nierhat the pandemonium lord
 42869 | Pan      | Found an exit through the horrors of the Abyss.
 43045 | Pan      | Found an exit through the horrors of the Abyss.
 43148 | Pan      | Found a transporter.
 43195 | Pan      | HP: 9/249 [??? (4)]
 43196 | Pan      | Mangled by an Executioner

Levels and vault maps discovered:
D:1:      dpeg_arrival_connections, layout_rooms, minmay_tetromino_l2
D:2:      layout_basic, uniq_natasha
D:3:      layout_loops_ring, nicolae_underground_beach
D:4:      layout_cave_pools, serial_shops, shop, lemuel_flame_loot_1
D:5:      layout_cave_pools, first_ration, hangedman_decor_points
D:6:      cheibrodos_thug_alley, layout_cave_pods, serial_column_ruins,
          column_ruins_open_tiny, column_ruins_corridor_plus,
          column_ruins_columns_straight
D:7:      layout_loops_corners, kennysheep_mini_moat,
          minmay_temple_entry_large_hall
D:8:      layout_basic, uniq_grum
D:9:      layout_loops_ring, dpeg_oklobed_lair, uniq_erica
D:10:     layout_gridville, orc_0_dummy, uniq_harold
D:11:     layout_basic, enter_trove_1, basic_altar, hangedman_pestilent_swarm,
          serial_bayou_crossing
D:12:     layout_grid_maze, corexii_leaking_fountain, uniq_maurice, uniq_nessos
D:13:     layout_loops_ring, ximxim_vaults_locker_room, hangedman_tell_no_tales
D:14:     layout_cave_pools, chequers_big_river
D:15:     hangedman_depths_entry_try_elsewhere_first, layout_long_grid,
          minmay_strange_pillars, special_room [special_room_bee]
Temple:   regret_index_temple_sigil_plot
Lair:1:   layout_cave_pods, special_room
Lair:2:   regret_index_tunnel_blossom, layout_misc_corridors,
          palyth_hydra_swamp_entry, nicolae_spider_entry_orb_guardian,
          uniq_sonja
Lair:3:   layout_hall_layers
Lair:4:   layout_regular_city, patterned_corridor, grunt_megastairs_2
Lair:5:   layout_hall_layers, nicolae_slime_entry_slimehenge,
          serial_bayou_shore_b, uniq_kirke
Lair:6:   cheibrodos_lair_end_hotspot, layout_big_grid,
          portal_ice_cave_entry_pillars_2, serial_bayou_shore_a
Swamp:1:  layout_falls_marsh, ebering_ghost_disaster_area,
          hangedman_swamp_ruin_wall, swamp_pool2,
          nicolae_swamp_orc_logging_accident, lemuel_altar_in_water
Swamp:2:  cheibrodos_swamp_tower_of_moss, layout_falls_marsh,
          evilmike_swamp_ruin_house_1, infiniplex_staircase_pool, uniq_donald,
          uniq_jorgrun
Swamp:3:  layout_basic_swamp, evilmike_swamp_ruin_rubble_2, swamp_pool1
Swamp:4:  swamp_basic_johnstein, layout_basic_swamp, swamp_pool1
Spider:1: layout_spider_delve
Spider:2: layout_spider_delve, uniq_arachne, uniq_aizul
Spider:3: nicolae_spider_hall_of_the_moth_king
Spider:4: grunt_spider_rune_island, uniq_bai_suzhen, uniq_nikola
Orc:1:    layout_diamond_mine, uniq_erolcha
Orc:2:    st_orc_rangers, layout_caves, basic_altar
Elf:1:    elf_arrival_001, layout_gridlike, minmay_elf_demonology
Vaults:1: gammafunk_vaults_ghost_cemetery, v_misc_13,
          nicolae_vaults_c_with_doors, hangedman_vaults_river_flow,
          dpeg_vaults_monster_box, nicolae_vaults_twisting_passages, v_misc_15,
          v_misc_19, nicolae_vaults_alarming, layout_vaults_ring
Vaults:2: vaults_dpeg_hooks, vaults_room_door_hall, nicolae_vaults_network_s,
          v_misc_25, v_misc_11, grunt_vaults_twisty,
          nicolae_vaults_halls_meeting, hangedman_vaults_restitches, v_misc_5,
          layout_vaults_chaotic_city, serial_shops, nicolae_shop_behind_doors
Vaults:3: v_misc_25, v_misc_8, hangedman_vaults_nodes, hangedman_vaults_impose,
          v_misc_28, minmay_crypt_entry_simple_walls,
          nicolae_vaults_ninety_degrees, v_alt_pattern_6, v_misc_29,
          v_alt_pattern_4, vaults_dpeg_diagonal, vaults_dpeg_encased_lava,
          layout_vaults_maze_snakey, portal_desolation_entry_ruin, serial_shops,
          bzr_entry_islet, uniq_mara
Vaults:4: v_misc_29, grunt_vaults_funnel, ontoclasm_vaults_gateway,
          v_alt_pattern_2, vaults_room_mumra_shop_pool, vaults_room_grid,
          nicolae_vaults_mini_display_case, v_misc_27,
          nicolae_vaults_shelves_hall, layout_vaults_omnigrid, serial_shops,
          shop
Vaults:5
Depths:1: layout_small_grid, hellmouth_1, serial_bayou_pond_a,
          hangedman_stitches_earthworm, serial_bayou_shore_b,
          serial_bayou_shore_b
Depths:2: minmay_the_grid_triangle_9x9_recursive_2
          [minmay_the_grid_triangle_9x9_prize_top_heavy,
          minmay_the_grid_triangle_9x9_sprig,
          minmay_the_grid_triangle_9x9_sparse_checkered,
          minmay_the_grid_triangle_9x9_semitri], layout_honeycomb,
          pf_coc_iceberg, nicolae_abyss_entry_one_way_or_another
Depths:3: kennysheep_oblong_rooms, layout_gridlike, solitary_fountain,
          pan_entry, abyss_entry, hell_entry
Depths:4: box_level_dp, abyss_entry, hell_entry, uniq_sojobo
Depths:5: evilmike_zot_entry_diamond, layout_cave_pools, enter_ziggurat_b,
          lightli_too_deep, minmay_misc_feat_alley, rand_demon_pan_entry_1
Zot:1:    lemuel_draconian_sentries, layout_twisted_circle, zot_minivault_1
Zot:2:    gammafunk_sealed_library, layout_basic, grunt_ministairs_3
Zot:3:    layout_gridlike, hangedman_snake_sidewinding
Zot:4:    kennysheep_blocky_hall, layout_basic, st_stairs_6,
          hangedman_zot_decor_tridents, amethyst_zot_foddershock
Zot:5:    layout_basic
Pan:      evilmike_mini_pan_corner, layout_basic, pan_blood_fountain_small,
          rand_demon_6, layout_gridlike, lom_lobon, layout_gridlike,
          nicolae_pan_lom_lobonic_2, grunt_pan_sceptre, layout_small_grid,
          pan_blood_fountain, nicolae_pan_mnolegish_2, grunt_pan_in_and_out,
          layout_irregular_city, pan_blood_fountain, nicolae_pan_sigil_itan,
          gloorx_vloq, layout_small_grid, reaverb_pan_squares,
          nicolae_pan_lom_lobonic_3, pan_surprise, evilmike_mini_pan_thingy,
          layout_irregular_city, evilmike_mini_pan_3x3, layout_basic,
          rand_demon_2, layout_pan_divisions_b [pan_division_quadrant_b1,
          pan_division_quadrant_b1, pan_division_quadrant_b3,
          pan_division_quadrant_b6], pan_blood_fountain_small, rand_demon_9,
          layout_pan_divisions_b [pan_division_quadrant_b2,
          pan_division_quadrant_b3, pan_division_quadrant_b1,
          pan_division_quadrant_b4], mnoleg, layout_onion_city, cerebov,
          layout_chambers, nicolae_pan_giant_door, layout_grid_shapes,
          pan_blood_fountain_small, grunt_pan_sceptre, layout_chambers,
          nicolae_pan_glass_arcs, layout_gridlike, nicolae_pan_hourglass,
          layout_irregular_city, uniq_mennas_pan, nicolae_pan_lom_lobonic_1,
          gammafunk_dig_for_victory, layout_chambers

Skill      XL: |  1  2  3  4  5  6  7  8  9 10 11 12 13 14 15 16 17 18 19 20 21 22 23 24 25 26 27 |
---------------+----------------------------------------------------------------------------------+-----
Polearms       | 4 6 7 8 10 11 13 15 17 19 20 21 27 | 27.0
Armour         | 3 4 5 6 8 11 13 14 15 17 18 19 23 | 23.0
Fighting       | 4 7 8 9 10 13 14 16 19 21 22 24 25 26 27 | 27.0
Shields        | 5 11 12 15 16 17 22 | 22.3
Evocations     | 2 3 5 7 15 | 15.0
Dodging        | 3 5 8 9 18 | 18.1
Spellcasting   | 4 6 9 10 17 | 17.0
Charms         | 7 8 15 | 15.0
Necromancy     | 4 5 |  5.0
Air Magic      | 5 |  5.0
Stealth        | 5 |  5.0

Action                   |  1- 3 |  4- 6 |  7- 9 | 10-12 | 13-15 | 16-18 | 19-21 | 22-24 | 25-27 || total
-------------------------+-------+-------+-------+-------+-------+-------+-------+-------+-------++-------
Melee: Spear             |   110 |   194 |   585 |   519 |    88 |   109 |       |       |       ||  1605
       Halberd           |       |       |       |   596 |  1041 |       |       |       |       ||  1637
       Kick              |       |       |       |   131 |    24 |       |       |       |   200 ||   355
       Scythe            |       |       |       |       |    35 |       |       |       |       ||    35
       Glaive            |       |       |       |       |   443 |  1618 |  1132 |  1124 |  3738 ||  8055
       Peck              |       |       |       |       |       |       |       |       |  1103 ||  1103
       Bardiche          |       |       |       |       |       |       |       |       |   808 ||   808
       Unarmed           |       |       |       |       |       |       |       |       |     1 ||     1
Throw: Boomerang         |       |       |     3 |     7 |     8 |       |       |       |       ||    18
 Cast: Song of Slaying   |       |       |       |       |       |       |       |    18 |    42 ||    60
       Regeneration      |       |       |       |       |       |       |       |       |   115 ||   115
       Deflect Missiles  |       |       |       |       |       |       |       |       |     3 ||     3
Invok: Call Merchant     |       |       |       |     2 |     3 |     2 |     1 |     2 |     3 ||    13
       Potion Petition   |       |       |       |       |     1 |       |       |     3 |    21 ||    25
       Bribe Branch      |       |       |       |       |       |       |       |       |     2 ||     2
 Abil: Dig               |     5 |     7 |    10 |    45 |    42 |    19 |     6 |     8 |   126 ||   268
       Shaft Self        |       |     2 |     3 |     7 |     7 |     2 |     1 |     5 |     2 ||    29
Evoke: Lightning rod     |       |       |       |     6 |     4 |     1 |       |       |       ||    11
       Wand              |       |       |       |    11 |     3 |     6 |       |       |     7 ||    27
       Box of beasts     |       |       |       |       |       |       |       |       |     9 ||     9
       Sack of spiders   |       |       |       |       |       |       |       |       |     6 ||     6
       Lamp of fire      |       |       |       |       |       |       |       |       |     3 ||     3
       Phial of floods   |       |       |       |       |       |       |       |       |     1 ||     1
       Phantom mirror    |       |       |       |       |       |       |       |       |     1 ||     1
  Use: Scroll            |     8 |     3 |     3 |     8 |     8 |    15 |     7 |     2 |    36 ||    90
       Potion            |       |     4 |     1 |     5 |     7 |     6 |     1 |     1 |    28 ||    53
 Stab: Paralysed         |       |     1 |    17 |    23 |     6 |     3 |       |       |       ||    50
       Confused          |       |     1 |     1 |     2 |       |       |       |       |       ||     4
       Distracted        |       |     1 |     1 |     8 |    11 |    12 |     6 |    14 |    72 ||   125
       Petrifying        |       |       |     1 |     2 |     2 |       |       |       |       ||     5
       Petrified         |       |       |       |     9 |    14 |       |       |       |       ||    23
       Held in net/web   |       |       |       |       |       |     1 |       |       |       ||     1
       Invisible         |       |       |       |       |       |       |       |       |    14 ||    14
  Eat: Chunk             |       |     3 |     1 |       |       |       |       |       |       ||     4
       Ration            |       |     1 |     2 |     7 |    10 |     7 |     5 |     4 |    30 ||    66
Armor: Leather armour    |    11 |       |       |       |       |       |       |       |       ||    11
       Plate armour      |    39 |    94 |   272 |   242 |       |       |       |       |       ||   647
       Crystal plate arm |       |       |       |   113 |   698 |   844 |   244 |   322 |   954 ||  3175
Dodge: Dodged            |    44 |    36 |    91 |    84 |    82 |   178 |   128 |   151 |   941 ||  1735
       Deflected         |       |       |       |       |       |       |       |       |    34 ||    34
Block: Large shield      |       |       |       |   712 |  1240 |  1809 |   993 |   944 |  3682 ||  9380
       Reflection        |       |       |       |       |    95 |    37 |    19 |       |       ||   151

Table legend:
 A = Non-vault XP
 B = Vault XP
 C = Vault XP percentage of total XP
 D = Non-vault monster count
 E = Vault monster count
 F = Vault count percentage of total count
                 A         B        C        D         E       F
            +---------+---------+-------+---------+---------+-------
      Total | 1256810 | 1135430 |  47.5 |    2198 |     977 |  30.8
            +---------+---------+-------+---------+---------+-------
        D:1 |      25 |       1 |   3.8 |      13 |       1 |   7.1
        D:2 |      67 |      35 |  34.3 |      18 |       1 |   5.3
        D:3 |     208 |       0 |   0.0 |      36 |       0 |   0.0
        D:4 |     735 |       0 |   0.0 |      24 |       0 |   0.0
        D:5 |     541 |       0 |   0.0 |      17 |       0 |   0.0
        D:6 |      82 |     460 |  84.9 |       2 |      12 |  85.7
        D:7 |     940 |       0 |   0.0 |      29 |       0 |   0.0
        D:8 |    1957 |     232 |  10.6 |      38 |       2 |   5.0
        D:9 |    1566 |       0 |   0.0 |      20 |       0 |   0.0
       D:10 |     714 |     825 |  53.6 |      15 |       1 |   6.2
       D:11 |    2086 |       0 |   0.0 |      33 |       0 |   0.0
       D:12 |    4748 |     688 |  12.7 |      33 |       2 |   5.7
       D:13 |    9878 |    8071 |  45.0 |      48 |      19 |  28.4
       D:14 |    5103 |       0 |   0.0 |      23 |       0 |   0.0
       D:15 |   12088 |    4866 |  28.7 |      38 |      22 |  36.7
     Lair:1 |    1452 |       0 |   0.0 |      12 |       0 |   0.0
     Lair:2 |    5206 |   10007 |  65.8 |      18 |      55 |  75.3
     Lair:3 |    4212 |       0 |   0.0 |      15 |       0 |   0.0
     Lair:4 |    6231 |     367 |   5.6 |      21 |       1 |   4.5
     Lair:5 |    4899 |    2176 |  30.8 |      20 |       6 |  23.1
     Lair:6 |    8871 |    8046 |  47.6 |      36 |      28 |  43.8
    Swamp:1 |    7225 |    3693 |  33.8 |      21 |       2 |   8.7
    Swamp:2 |    5398 |    5371 |  49.9 |      20 |       2 |   9.1
    Swamp:3 |    7142 |    4620 |  39.3 |      18 |       6 |  25.0
    Swamp:4 |   13940 |   14659 |  51.3 |      25 |      27 |  51.9
   Spider:1 |    6478 |       0 |   0.0 |      18 |       0 |   0.0
   Spider:2 |   17753 |    5301 |  23.0 |      53 |       2 |   3.6
   Spider:3 |   12237 |    5430 |  30.7 |      35 |      12 |  25.5
   Spider:4 |   17553 |   34776 |  66.5 |      49 |      41 |  45.6
      Orc:1 |    4409 |    1070 |  19.5 |      38 |       1 |   2.6
      Orc:2 |    2746 |    4532 |  62.3 |      24 |      40 |  62.5
      Elf:1 |     544 |    1676 |  75.5 |       1 |       3 |  75.0
   Vaults:1 |   32572 |   31694 |  49.3 |      61 |      33 |  35.1
   Vaults:2 |   28625 |   26009 |  47.6 |      42 |      42 |  50.0
   Vaults:3 |   29363 |   26951 |  47.9 |      61 |      24 |  28.2
   Vaults:4 |   21135 |   37653 |  64.0 |      36 |      40 |  52.6
   Vaults:5 |   34985 |  139099 |  79.9 |      52 |      85 |  62.0
   Depths:1 |    1883 |    8086 |  81.1 |       2 |      11 |  84.6
   Depths:2 |   33843 |   21606 |  39.0 |      35 |      18 |  34.0
   Depths:3 |   25718 |   14949 |  36.8 |      29 |       7 |  19.4
   Depths:4 |   52919 |   96682 |  64.6 |      58 |      73 |  55.7
   Depths:5 |   35256 |   28211 |  44.4 |      27 |      18 |  40.0
      Zot:1 |   46122 |   45977 |  49.9 |      28 |      23 |  45.1
      Zot:2 |   20621 |   47393 |  69.7 |      13 |      20 |  60.6
      Zot:3 |   35637 |   31140 |  46.6 |      20 |      21 |  51.2
      Zot:4 |   48314 |   18788 |  28.0 |      29 |      10 |  25.6
      Zot:5 |   59595 |  160190 |  72.9 |      34 |      40 |  54.1
    Abyss:1 |   14413 |     992 |   6.4 |      24 |       1 |   4.0
    Abyss:2 |   22664 |       0 |   0.0 |      44 |       0 |   0.0
    Abyss:3 |    8751 |       0 |   0.0 |      13 |       0 |   0.0
    Abyss:4 |  163245 |   16821 |   9.3 |     336 |      19 |   5.4
        Pan |  320981 |  258715 |  44.6 |     391 |     182 |  31.8
      Zig:1 |    4053 |       0 |   0.0 |       1 |       0 |   0.0
      Zig:2 |    2447 |       0 |   0.0 |       2 |       0 |   0.0
      Zig:3 |    3366 |       0 |   0.0 |       3 |       0 |   0.0
      Zig:4 |    3350 |       0 |   0.0 |       9 |       0 |   0.0
      Zig:5 |    5969 |       0 |   0.0 |       6 |       0 |   0.0
      Zig:6 |    7702 |       0 |   0.0 |       6 |       0 |   0.0
      Zig:7 |    7624 |    2177 |  22.2 |      16 |       4 |  20.0
      Zig:8 |   18623 |       0 |   0.0 |       9 |       0 |   0.0
      IceCv |       0 |    5395 | 100.0 |       0 |      20 | 100.0
            +---------+---------+-------+---------+---------+-------
